 Dungeon Crawl Stone Soup version 0.26.1-11-gd32895ea62 (webtiles) character file.

Game seed: 17833796846644261532

249392 Zeld the Warrior (level 18, -6/180 HPs)
             Began as a Minotaur Berserker on May 23, 2021.
             Was a High Priest of Trog.
             Mangled by a tentacled starspawn (22 damage)
             ... on level 3 of the Abyss.
             The game lasted 01:13:25 (67821 turns).

Zeld the Warrior (Minotaur Berserker)              Turns: 67821, Time: 01:13:26

Health: -6/180     AC: 22    Str: 28      XL:     18   Next: 88%
Magic:  17/17      EV: 16    Int:  3 (4)  God:    Trog [*****.]
Gold:   144        SH:  5    Dex: 17      Spells: 17/17 levels left

rFire    . . .     SeeInvis +   G - +4 battleaxe (flame)
rCold    . . .     Faith    .   (shield currently unavailable)
rNeg     . . .     Spirit   .   u - +6 plate armour "Unacinei" {Dex+7}
rPois    +         Reflect  +   H - +3 crown of Dyrovepreva {rElec Int+2 SInv}
rElec    +         Harm     .   f - +0 cloak
rCorr    .         Rampage  .   w - +2 pair of gloves
Will     +....                  C - +2 pair of boots
Stlth    ..........             p - amulet of reflection
HPRegen  0.40/turn              (no ring)
MPRegen  0.15/turn              s - ring of poison resistance

@: glowing, constricted
A: retaliatory headbutt, horns 2, [blurry vision 2], [clumsy 1], deformed body,
deterioration 1[+1], [dopey 1], [subdued magic 1]
}: 2/15 runes: decaying, serpentine
a: Renounce Religion, Berserk, Trog's Hand, Brothers in Arms


You were on level 3 of the Abyss.
You worshipped Trog.
Trog was extremely pleased with you.
You visited 7 branches of the dungeon, and saw 33 of its levels.
You visited the Abyss 1 time.

You collected 3082 gold pieces.
You spent 2938 gold pieces at shops.

Inventory:

Hand Weapons
 h - a +6 vorpal battleaxe
 G - a +4 battleaxe of flaming (weapon)
Missiles
 b - 16 atropa-tipped darts
 j - 5 datura-tipped darts
 k - 55 boomerangs
 m - 4 silver javelins
 q - 96 poisoned darts (quivered)
 L - 7 curare-tipped darts
 P - 6 silver boomerangs
Armour
 f - a +0 cloak (worn)
 u - the +6 plate armour "Unacinei" (worn) {Dex+7}
   (You found it on level 11 of the Dungeon)

   It affects your dexterity (+7).
 w - a +2 pair of gloves (worn)
 C - a +2 pair of boots (worn)
 H - the +3 crown of Dyrovepreva (worn) {rElec Int+2 SInv}
   (You found it on level 6 of the Lair of Beasts)

   It affects your intelligence (+2).
   It insulates you from electricity.
   It lets you see invisible.
Jewellery
 p - an amulet of reflection (around neck)
 s - a ring of poison resistance (right hand)
Wands
 g - a wand of polymorph (30)
 x - a wand of flame (22)
 y - a wand of iceblast (17)
 A - a wand of random effects (49)
 D - a wand of paralysis (24)
 E - a wand of digging (13)
Scrolls
 c - 6 scrolls of magic mapping
 e - 21 scrolls of remove curse
 l - 13 scrolls of identify
 I - 4 scrolls of teleportation
 J - a scroll of fear
 K - 2 scrolls of holy word
Potions
 a - 5 potions of berserk rage
 d - 4 potions of curing
 i - 4 potions of flight
 n - 6 potions of haste
 o - 6 potions of might
 r - a potion of attraction
 t - 2 potions of resistance
 v - 3 potions of magic
 z - 4 potions of ambrosia
 B - 2 potions of cancellation
 F - 2 potions of invisibility
Miscellaneous
 N - a condenser vane


   Skills:
 * Level 20.5 Fighting
 - Level 16.0 Axes
 - Level 6.0 Throwing
 - Level 2.4 Armour
 * Level 19.0 Dodging
 * Level 16.3 Evocations


You had 17 spell levels left.
You didn't know any spells.
Your spell library was empty.

Dungeon Overview and Level Annotations

Branches:
Dungeon (15/15)            Temple (1/1) D:6            Lair (6/6) D:11
  Swamp (4/4) Lair:3        Snake (4/4) Lair:2        Slime (0/5) Lair:6
    Orc (2/2) D:11            Elf (1/3) Orc:2        Vaults (0/5) D:13
 Depths (0/5) D:15

Altars:
Ashenzari
Cheibriados
Dithmenos
Elyvilon
Fedhas
Gozag
Hepliaklqana
Kikubaaqudgha
Makhleb
Nemelex Xobeh
Okawaru
Qazlal
Ru
Sif Muna
Trog
Uskayaw
Vehumet
Wu Jian
Xom
Yredelemnul
Zin
The Shining One
Beogh
Jiyva

Shops:
D:5 ?   D:6 ?:*   Orc:2 ?[!   Snake:1 }[   Snake:2 }=}

Portals:
Hell: Lair:6
Abyss: Snake:2

Annotations:
D:14 2 transporters, Laowois's ghost, journeyman MiBe
Snake:2 2 transporters, shobalk's ghost, adept DrEE


Innate Abilities, Weirdness & Mutations

You reflexively headbutt those who attack you in melee.
You have a pair of horns on your head.
Armour fits poorly on your strangely shaped body.
[Scrolls take you longer to read.]
[You are clumsy. (Dex -2)]
[Your body often deteriorates upon taking damage.]
[You are dopey. (Int -2)]
[Your spells are a little easier to cast, but a little less powerful.]


Message History

The starspawn tentacle grabs you. The starspawn tentacle constricts you.
Really read with blurry vision while enemies are nearby?
Okay, then.
Press: ? - help, v - describe, . - travel
Here: a tentacled starspawn (severely damaged, haloed)
An open gate.
Press: ? - help, v - describe, . - travel, g - get item
Here: an angel, wielding a +1 sacred scourge of holy wrath and wearing a +0 robe (severely wounded, haloed) Item here: a +0 long sword of holy wrath.
An open gate.
You feel better.
Your ogre hits the starcursed mass with a +0 giant spiked club!
The starcursed mass is destroyed!
Trog accepts your kill. The starspawn tentacle grabs your ogre.
The starspawn tentacle constricts your ogre.
You block the angel's attack. The angel closely misses you.
The starspawn tentacle loses its grip on your ogre.
The tentacle pulls your ogre backwards! The tentacled starspawn bites you!!
You die...

.. ..# . #+#8.
# ##.##.. # .
#...#.. ..X .
#.⌠.#. . ...
#w@.#. .# #.
##.. #XAO#..# .
.......w....# .
.(####†.#.X...#
..##...XX...##
#### ..###$..##
.#.# ..... . .#
...# # #. .#


You could see 3 starcursed masses, an angel, a tentacled starspawn, 2 starspawn
tentacles and a friendly ogre (summoned, berserk).

Vanquished Creatures
  Nikola (Snake:4)
  Rupert (D:13)
  Agnes (D:14)
  A tentacled starspawn (Abyss:3)
  3 thorn hunters (Swamp:4)
  5 nagarajas (Snake:4)
  The ghost of phalm the Blocker, a journeyman GnFi of Cheibriados (D:11)
  Aizul (Swamp:4)
  The ghost of Ysuot the Spear-Bearer, a journeyman OpWn of Okawaru (Swamp:4)
  The ghost of Jacimip the Whirler, a journeyman HaHu of Okawaru (Swamp:3)
  A dire elephant (Lair:6)
  5 bunyips
  4 eleionomae
  An ettin (Orc:2)
  A fire dragon (Swamp:4)
  Erolcha (Orc:1)
  2 shambling mangroves
  Fannar (Orc:1)
  An ice dragon (Lair:6)
  18 naga warriors
  16 hydras
  2 ghost crabs (Swamp:4)
  7 anacondas
  2 catoblepae
  3 centaur warriors
  5 boulder beetles
  12 death yaks
  2 dancing weapons
  4 two-headed ogres
  3 tengu warriors
  A death knight (D:14)
  8 alligators
  8 shock serpents
  An orc high priest (Orc:1)
  Urug (D:13)
  17 naga sharpshooters
  A thrashing horror (Abyss:3)
  3 salamander mystics
  7 skeletal warriors
  A shadow wraith (Abyss:3)
  A sixfirhy (Abyss:3)
  3 goliath frogs
  2 wizards
  A spriggan druid (Swamp:4)
  A shadow demon (Abyss:3)
  13 swamp dragons
  10 naga ritualists
  Pikel (D:7)
  3 harpies (D:15)
  4 bog bodies
  A necromancer (D:15)
  An oklob plant (Lair:2)
  An orc sorcerer (D:15)
  A manticore (D:11)
  7 orc knights
  8 deep elf magi
  8 mana vipers
  2 cyclopes
  7 will-o-the-wisps
  A worldbinder (Abyss:3)
  8 ugly things
  7 elephants
  7 salamanders
  6 guardian serpents
  2 torpor snails
  An eye of devastation (shapeshifter) (D:15)
  A gargoyle (D:14)
  35 black mambas
  An orange demon (Lair:6)
  A smoke demon (Lair:6)
  7 centaur skeletons
  14 cane toads
  36 naga magi
  An apocalypse crab (Abyss:3)
  2 rime drakes
  3 kobold demonologists
  13 komodo dragons
  An efreet (Abyss:3)
  An ice devil (Lair:6)
  2 tengu conjurers
  6 trolls
  16 hornets
  A wandering mushroom (Lair:2)
  4 polar bears
  A wolf spider simulacrum (D:15)
  A queen bee (shapeshifter) (D:13)
  A harpy skeleton (D:15)
  13 blink frogs
  5 tyrant leeches
  Grinder (D:3)
  5 dream sheep
  A slime creature (D:12)
  2 starcursed masses (Abyss:3)
  17 spriggans
  A shadow (D:14)
  8 wyverns
  36 yaks
  3 flying skulls (Abyss:3)
  A ynoxinul (Abyss:3)
  8 humans (D:13)
  5 large abominations
  A water elemental (D:12)
  2 wraiths
  A vampire (D:13)
  11 basilisks
  A steam dragon (D:14)
  A neqoxec (Abyss:3)
  19 vampire mosquitoes
  12 wargs
  64 nagas
  Duvessa (D:6)
  16 swamp worms
  4 hell hounds (Abyss:3)
  18 water moccasins
  A hornet zombie (D:10)
  10 swamp drakes
  37 orc warriors
  4 sky beasts
  An ice beast (D:5)
  An eye of draining (Abyss:3)
  3 black bears
  4 necrophages (D:9)
  4 boggarts (D:15)
  12 ogres
  2 small abominations (Abyss:3)
  16 wolves
  9 centaurs
  A lemure (D:7)
  3 big kobolds
  An earth elemental (Abyss:3)
  24 bullfrogs
  2 wyvern zombies
  Dowan (D:6)
  A scorpion (D:8)
  8 wights
  12 killer bees
  4 howler monkeys
  5 electric eels
  2 bullfrog zombies
  8 hounds
  A quasit (Abyss:3)
  4 centaur zombies
  3 iron imps (D:6)
  8 jellies
  4 orc priests
  3 bullfrog skeletons
  6 iguanas
  13 orc wizards
  12 worker ants
  2 worker ant zombies (D:9)
  13 adders
  2 howler monkey skeletons
  6 white imps
  6 ufetubi
  5 oozes (D:12)
  An adder zombie (D:7)
  An adder skeleton (D:7)
  A worm (D:3)
  2 dart slugs
  4 leopard geckos
  76 orcs
  2 ball pythons
  4 giant cockroaches
  4 hobgoblins
  20 jackals
  8 quokkas
  5 bats
  5 frilled lizards
  5 goblins
  A jackal skeleton (D:6)
  18 kobolds
  A quokka skeleton (D:5)
  7 rats
  2 bushes
  A starspawn tentacle (Abyss:3)
1099 creatures vanquished.

Vanquished Creatures (collateral kills)
  Erica (D:9)
  2 hydras
  The ghost of Zeld the Cruncher, a journeyman OpGl of Okawaru (Lair:2)
  A sun demon (Lair:6)
  An ugly thing (D:9)
  A cyclops (D:13)
  A manticore (D:13)
  A black mamba (Lair:2)
  2 orange demons (Lair:6)
  A komodo dragon (Lair:2)
  An ice devil (Lair:6)
  A tengu conjurer (D:11)
  A red devil (Lair:6)
  Prince Ribbit (D:9)
  An ogre (D:11)
  3 starcursed masses (Abyss:3)
  8 humans (D:13)
  A warg (Orc:1)
  A water moccasin (Lair:2)
  3 hell hounds (Lair:6)
  A sky beast (D:9)
  A bullfrog (Lair:2)
  An iguana (D:9)
  An orc (D:9)
37 creatures vanquished.

Vanquished Creatures (others)
  2 ugly things (D:15)
  2 naga magi (Snake:4)
  A rime drake (Lair:6)
  A freezing wraith (D:15)
  2 bloated husks (Swamp:3)
  A swamp worm (Swamp:4)
  A naga (Snake:4)
  A bush (D:9)
  36 foxfires
  37 fungi
  A lurking horror (Abyss:3)
  85 plants
  A starspawn tentacle (Abyss:3)
  A withered plant (D:15)
172 creatures vanquished.

Grand Total: 1308 creatures vanquished

Notes
Turn   | Place    | Note
-------+----------+-------------------------------------------
     0 | D:1      | Zeld the Minotaur Berserker began the quest for the Orb.
     0 | D:1      | Reached XP level 1. HP: 19/19 MP: 0/0
   341 | D:1      | Reached XP level 2. HP: 22/26 MP: 1/1
  1051 | D:1      | Reached skill level 5 in Axes
  1378 | D:2      | Reached XP level 3. HP: 31/31 MP: 2/2
  1399 | D:2      | Reached ** piety under Trog
  1576 | D:2      | Found a broken altar of Ashenzari.
  1691 | D:2      | Found an opulent altar of Gozag.
  2403 | D:3      | Reached XP level 4. HP: 39/39 MP: 3/3
  3109 | D:3      | Noticed Grinder
  3399 | D:3      | Paralysed by Grinder for 4 turns
  3406 | D:3      | Killed Grinder
  3407 | D:3      | Reached XP level 5. HP: 45/45 MP: 4/4
  3407 | D:3      | Reached XP level 6. HP: 51/51 MP: 5/5
  3480 | D:3      | Found a shimmering blue altar of Sif Muna.
  3661 | D:4      | Reached *** piety under Trog
  4067 | D:5      | Entered Level 5 of the Dungeon
  4097 | D:5      | Noticed a sky beast
  4487 | D:4      | Killed a sky beast
  4488 | D:4      | Reached XP level 7. HP: 57/57 MP: 6/6
  4661 | D:5      | Reached skill level 10 in Axes
  5272 | D:5      | Found a stormy altar of Qazlal.
  5490 | D:5      | Found Xoefec's Magic Scroll Shoppe.
  5498 | D:5      | Bought a scroll of teleportation for 39 gold pieces
  5498 | D:5      | Bought a scroll of identify for 26 gold pieces
  5498 | D:5      | Bought a scroll of enchant armour for 97 gold pieces
  5498 | D:5      | Bought a scroll of remove curse for 39 gold pieces
  5761 | D:6      | Found a hazy altar of Hepliaklqana.
  5821 | D:6      | Found a snail-covered altar of Cheibriados.
  5845 | D:6      | Reached XP level 8. HP: 28/64 MP: 7/7
  6010 | D:6      | Found Zukogras's Assorted Antiques.
  6020 | D:6      | Bought a scroll of identify for 66 gold pieces
  6020 | D:6      | Bought a fizzy golden potion for 29 gold pieces
  6020 | D:6      | Bought a coppery potion for 29 gold pieces
  6064 | D:6      | Found Icko's Magic Scroll Shoppe.
  6098 | D:6      | Found Reuvvy's Book Shoppe.
  6122 | D:6      | Found a burning altar of Makhleb.
  6274 | D:6      | Found a staircase to the Ecumenical Temple.
  6281 | D:6      | Reached **** piety under Trog
  6294 | Temple   | Entered the Ecumenical Temple
  6572 | D:6      | Noticed Duvessa
  6572 | D:6      | Noticed Dowan
  6581 | D:6      | Killed Duvessa
  6585 | D:6      | Killed Dowan
  7069 | D:7      | Reached XP level 9. HP: 70/70 MP: 8/8
  7274 | D:7      | Noticed a skeletal warrior
  7280 | D:7      | Noticed a skeletal warrior
  7435 | D:7      | Reached skill level 4 in Fighting
  7435 | D:7      | Reached skill level 1 in Evocations
  7604 | D:7      | Noticed a skeletal warrior
  7624 | D:7      | Killed a skeletal warrior
  7625 | D:7      | Reached skill level 5 in Fighting
  7956 | D:7      | HP: 3/74 [skeletal warrior/cursed +0 war axe[a skeletal
                  | warrior] (15)]
  8394 | D:7      | Noticed Pikel
  8416 | D:7      | Killed Pikel
  8417 | D:7      | Reached skill level 6 in Fighting
  8634 | D:7      | Killed a skeletal warrior
  8635 | D:7      | Reached skill level 5 in Dodging
  8635 | D:7      | Reached XP level 10. HP: 84/84 MP: 9/9
  8897 | D:7      | Killed a skeletal warrior
  8898 | D:7      | Reached skill level 7 in Fighting
  9127 | D:7      | Found a glowing golden altar of the Shining One.
  9336 | D:8      | Noticed a two-headed ogre
  9343 | D:8      | Killed a two-headed ogre
  9344 | D:8      | Reached skill level 5 in Evocations
  9557 | D:8      | Found an iron altar of Okawaru.
  9604 | D:8      | Reached skill level 8 in Fighting
  9741 | D:8      | Found a glowing silver altar of Zin.
  9784 | D:8      | Found an ornate altar of the Wu Jian Council.
 10024 | D:8      | Found a sacrificial altar of Ru.
 10102 | D:6      | Bought a metallic white potion for 29 gold pieces
 10102 | D:6      | Bought a scroll of identify for 66 gold pieces
 10102 | D:6      | Bought a scroll labelled LENGEI NEZETI for 33 gold pieces
 10141 | D:9      | Found a basalt altar of Yredelemnul.
 10214 | D:9      | Noticed a white ugly thing
 10592 | D:9      | Killed a white ugly thing
 10653 | D:9      | Reached skill level 9 in Fighting
 11001 | D:9      | Noticed Erica
 11004 | D:9      | Noticed Prince Ribbit
 11005 | D:9      | Killed Erica
 11007 | D:9      | Killed Prince Ribbit
 11008 | D:9      | Reached XP level 11. HP: 82/97 MP: 10/10
 11265 | D:9      | Found a blossoming altar of Fedhas.
 11313 | D:9      | Found a glowing silver altar of Zin.
 11554 | D:10     | Entered Level 10 of the Dungeon
 12058 | D:10     | Found an opulent altar of Gozag.
 12509 | D:10     | Reached skill level 15 in Axes
 12644 | D:11     | Reached ***** piety under Trog
 12646 | D:11     | Found a staircase to the Lair.
 12675 | D:11     | Noticed a brown ugly thing
 12860 | D:11     | Killed a brown ugly thing
 13204 | D:11     | Found a staircase to the Orcish Mines.
 13291 | D:11     | Noticed a boulder beetle
 13302 | D:11     | Killed a boulder beetle
 13492 | D:11     | Noticed a two-headed ogre
 13499 | D:11     | Killed a two-headed ogre
 13500 | D:11     | Reached skill level 10 in Fighting
 13758 | D:11     | Reached XP level 12. HP: 106/106 MP: 11/11
 13771 | D:11     | Noticed a boulder beetle
 13780 | D:11     | Killed a boulder beetle
 13868 | D:11     | Noticed an eight-headed hydra
 13875 | D:11     | Killed an eight-headed hydra
 14322 | D:5      | Bought a scroll of brand weapon for 260 gold pieces
 14576 | Orc:1    | Entered Level 1 of the Orcish Mines
 14594 | Orc:1    | You fall into a shaft and drop 1 floor!
 14594 | Orc:2    | Entered Level 2 of the Orcish Mines
 14616 | Orc:2    | Noticed an ettin
 14618 | Orc:2    | Found a staircase to the Elven Halls.
 14623 | Orc:2    | Killed an ettin
 15345 | Orc:1    | Found an iron altar of Okawaru.
 15348 | Orc:1    | Noticed Erolcha
 15357 | Orc:1    | Killed Erolcha
 15358 | Orc:1    | Reached skill level 11 in Fighting
 15601 | Orc:1    | Noticed Fannar
 15618 | Orc:1    | Killed Fannar
 15619 | Orc:1    | Reached skill level 10 in Dodging
 15836 | Orc:1    | Found a runed translucent gate.
 15846 | Orc:1    | Noticed phalm's ghost (journeyman GnFi)
 15849 | Orc:1    | Noticed an orc high priest
 15849 | Orc:1    | Noticed a two-headed ogre
 15854 | Orc:1    | Found a runed translucent gate.
 15854 | Orc:1    | Found a runed translucent gate.
 15862 | Orc:1    | Killed a two-headed ogre
 15863 | Orc:1    | Gained mutation: [Your body sometimes deteriorates upon
                  | taking damage.] [a neqoxec]
 15867 | Orc:1    | Killed an orc high priest
 17010 | Orc:2    | Reached skill level 12 in Fighting
 17633 | Orc:2    | Found Ostrotyfi's Antique Armour Emporium.
 17633 | Orc:2    | Found Dadit's Distillery.
 17659 | Orc:2    | Received a gift from Trog
 17691 | Orc:2    | Found a roughly hewn altar of Beogh.
 18145 | Orc:2    | Reached XP level 13. HP: 119/119 MP: 12/12
 18276 | Orc:2    | Bought 2 potions of curing for 84 gold pieces
 18276 | Orc:2    | Bought a potion of haste for 140 gold pieces
 18276 | Orc:2    | Bought a potion of ambrosia for 112 gold pieces
 18276 | Orc:2    | Bought a potion of haste for 140 gold pieces
 18276 | Orc:2    | Bought a potion of curing for 42 gold pieces
 18276 | Orc:2    | Bought a potion of curing for 42 gold pieces
 18409 | Orc:2    | Found Sufuoq's Magic Scroll Emporium.
 18409 | Orc:2    | Found Pavat's Magic Scroll Shop.
 18467 | Orc:2    | Bought a scroll of identify for 22 gold pieces
 18467 | Orc:2    | Bought a scroll of identify for 22 gold pieces
 18476 | Orc:2    | Bought a scroll of identify for 24 gold pieces
 20711 | D:12     | Found a stormy altar of Qazlal.
 22202 | Orc:2    | Bought a scroll of teleportation for 36 gold pieces
 22202 | Orc:2    | Bought a scroll of remove curse for 36 gold pieces
 22202 | Orc:2    | Bought a scroll of teleportation for 36 gold pieces
 22202 | Orc:2    | Bought a scroll of identify for 24 gold pieces
 22322 | D:13     | Reached skill level 13 in Fighting
 22528 | D:13     | Reached skill level 10 in Evocations
 22726 | D:13     | Noticed Urug
 22738 | D:13     | Killed Urug
 22868 | D:13     | Noticed Rupert
 22880 | D:13     | Killed Rupert
 23039 | D:13     | Found a gate to the Vaults.
 23165 | D:13     | Received a gift from Trog
 23542 | Orc:2    | Bought a scroll of teleportation for 33 gold pieces
 23542 | Orc:2    | Bought a scroll of remove curse for 33 gold pieces
 23625 | Orc:1    | Found an iron altar of Okawaru.
 24906 | D:14     | Found a transporter.
 24910 | D:14     | Found a transporter.
 24911 | D:14     | Identified the cursed +3 dire flail of Peny {distort, *Rage
                  | +Rage rPois Stlth+}
 24913 | D:14     | Noticed Laowois's ghost (journeyman MiBe)
 24914 | D:14     | Noticed an Executioner
 24921 | D:14     | Noticed a cacodemon
 25445 | D:14     | Reached skill level 14 in Fighting
 26123 | D:14     | Noticed Agnes
 26138 | D:14     | Killed Agnes
 26139 | D:14     | Reached XP level 14. HP: 117/132 MP: 13/13
 26581 | D:15     | Entered Level 15 of the Dungeon
 27209 | D:15     | Found a staircase to the Depths.
 28163 | D:15     | Identified the +3 mace "Keturuma" {flame, rC- Str+5}
 28183 | D:15     | Reached skill level 15 in Fighting
 30739 | Orc:2    | Bought a scroll of summoning for 104 gold pieces
 31609 | D:11     | Killed phalm's ghost
 31754 | D:11     | Found a staircase to the Lair.
 32178 | Lair:1   | Entered Level 1 of the Lair of Beasts
 33595 | Lair:2   | Found a staircase to the Snake Pit.
 34637 | Lair:2   | Reached XP level 15. HP: 114/143 MP: 14/14
 34771 | Lair:2   | Noticed Zeld's ghost (journeyman OpGl)
 34898 | Lair:2   | Found a runed translucent gate.
 34898 | Lair:2   | Found a runed translucent gate.
 34898 | Lair:2   | Found a runed translucent gate.
 35541 | Lair:2   | Reached skill level 1 in Throwing
 36856 | Lair:3   | Found a staircase to the Swamp.
 37744 | Lair:4   | Reached skill level 5 in Throwing
 38843 | Lair:5   | Received a gift from Trog
 39790 | Snake:1  | Entered Level 1 of the Snake Pit
 40275 | Lair:5   | Reached skill level 16 in Fighting
 40690 | Lair:6   | Entered Level 6 of the Lair of Beasts
 40991 | Lair:6   | Reached skill level 15 in Dodging
 41496 | Lair:6   | HP: 1/145 [ice dragon/blast of cold (41)]
 42151 | Lair:6   | Found a viscous altar of Jiyva.
 42703 | Lair:6   | Found a staircase to the Slime Pits.
 43690 | Lair:6   | Found a burning altar of Makhleb.
 43864 | Lair:6   | Found a gateway to Hell.
 43865 | Lair:6   | Found the +3 crown of Dyrovepreva {rElec Int+2 SInv}
 44454 | Lair:2   | Killed Zeld's ghost
 44455 | Lair:2   | Reached XP level 16. HP: 154/154 MP: 15/15
 45373 | Snake:1  | Found Camoegy's Gadget Shop.
 45380 | Snake:1  | Bought a wand of digging (5) for 324 gold pieces
 45380 | Snake:1  | Bought a wand of polymorph (8) for 180 gold pieces
 45380 | Snake:1  | Found Ofromnal's Antique Armour Boutique.
 45794 | Snake:1  | Reached skill level 17 in Fighting
 47199 | Snake:2  | Identified the +11 long sword of Demonkind {distort, Will+
                  | Str+4}
 47199 | Snake:2  | Noticed a tentacled starspawn
 47199 | Snake:2  | Noticed an Executioner
 47206 | Snake:2  | Found a transporter.
 47209 | Snake:2  | Found a one-way gate to the infinite horrors of the Abyss.
 47209 | Snake:2  | Noticed shobalk's ghost (adept DrEE)
 47213 | Snake:2  | Noticed a tentacled starspawn
 47281 | Snake:2  | Found a transporter.
 48455 | Snake:2  | Received a gift from Trog
 48815 | Snake:2  | Found Connor's Gadget Shop.
 48818 | Snake:2  | Found Kodiopp's Jewellery Shoppe.
 48819 | Snake:2  | Found Athadd's Gadget Shop.
 48825 | Snake:2  | Bought a wand of polymorph (3) for 95 gold pieces
 48825 | Snake:2  | Bought a wand of paralysis (5) for 133 gold pieces
 49472 | Snake:3  | Found a hide-covered altar of Uskayaw.
 49936 | Snake:3  | Reached skill level 18 in Fighting
 50694 | Snake:4  | Entered Level 4 of the Snake Pit
 51347 | Snake:4  | Received a gift from Trog
 51418 | Snake:4  | Reached XP level 17. HP: 157/165 MP: 16/16
 53608 | Snake:4  | Reached ****** piety under Trog
 53724 | Snake:4  | Received a gift from Trog
 53899 | Snake:4  | Noticed Nikola
 53910 | Snake:4  | Killed Nikola
 54499 | Snake:4  | Reached skill level 19 in Fighting
 54499 | Snake:4  | Reached skill level 15 in Evocations
 55317 | Snake:4  | Identified the cursed +0 rapier "Mimuem" {vorpal, rPois rF-
                  | Will+ Int+2}
 55800 | Snake:4  | Got a serpentine rune of Zot
 56076 | Orc:2    | Bought a scroll of holy word for 82 gold pieces
 56076 | Orc:2    | Bought a scroll of teleportation for 33 gold pieces
 56076 | Orc:2    | Bought a scroll of blinking for 82 gold pieces
 56085 | Orc:2    | Bought a scroll of remove curse for 36 gold pieces
 56323 | Swamp:1  | Entered Level 1 of the Swamp
 56731 | Swamp:1  | Received a gift from Trog
 58355 | Swamp:2  | Reached XP level 18. HP: 142/176 MP: 17/17
 62326 | Swamp:4  | Entered Level 4 of the Swamp
 62612 | Swamp:4  | Noticed Aizul
 62634 | Swamp:4  | Killed Aizul
 63335 | Swamp:4  | Reached skill level 20 in Fighting
 63554 | Swamp:4  | Found a runed translucent gate.
 63554 | Swamp:4  | Found a runed translucent gate.
 63554 | Swamp:4  | Found a runed translucent gate.
 63633 | Swamp:4  | Noticed Jacimip's ghost (journeyman HaHu)
 63633 | Swamp:4  | Noticed Ysuot's ghost (journeyman OpWn)
 64304 | Swamp:3  | Killed Jacimip's ghost
 65038 | Swamp:4  | Killed Ysuot's ghost
 65491 | Swamp:4  | Received a gift from Trog
 65840 | Swamp:4  | Got a decaying rune of Zot
 66297 | D:11     | Got an ancient plate armour
 66308 | D:11     | Identified the +6 plate armour "Unacinei" {Dex+7} (You
                  | found it on level 11 of the Dungeon)
 66461 | Orc:2    | Bought a scroll of remove curse for 36 gold pieces
 66461 | Orc:2    | Bought a scroll of enchant armour for 90 gold pieces
 66461 | Orc:2    | Bought a scroll of holy word for 90 gold pieces
 66461 | Orc:2    | Bought a scroll of teleportation for 36 gold pieces
 66594 | D:6      | Bought a scroll of remove curse for 39 gold pieces
 66594 | D:6      | Bought a scroll of teleportation for 39 gold pieces
 66938 | Elf:1    | Entered Level 1 of the Elven Halls
 66998 | Elf:1    | Cast into level 2 of the Abyss (a deep elf demonologist)
 67077 | Abyss:2  | Found a corrupted altar of Lugonu.
 67113 | Abyss:3  | Found a corrupted altar of Lugonu.
 67445 | Abyss:3  | Paralysed by accursed screaming for 1 turns
 67805 | Abyss:3  | Gained mutation: Armour fits poorly on your strangely
                  | shaped body. [a neqoxec]
 67820 | Abyss:3  | HP: 7/180 [tentacled starspawn (4)]
 67821 | Abyss:3  | Mangled by a tentacled starspawn

Illustrated notes

Levels and vault maps discovered:
D:1:      minmay_arrival_pointy, layout_basic
D:2:      layout_loops_ring, lemuel_crystal_altar, general_overflow_altar
D:3:      layout_basic, lemuel_blue_sif_altar, uniq_grinder
D:4:      layout_cave_pools
D:5:      layout_loops_ring, lemuel_crystal_altar, serial_shops, shop_fountains
D:6:      layout_basic, demons_altar, nzn_hepliaklqana_mist_gate,
          minmay_temple_entry_statues_fountains, basic_altar, serial_shops,
          nicolae_shop_crystal, kennysheep_mini, nicolae_shop_trees,
          uniq_duvessa
D:7:      layout_rooms, lemuel_crystal_altar, uniq_pikel
D:8:      layout_rooms, old_standard_altar, kennysheep_little_box,
          gammafunk_temple_overflow_statue, chequers_hall_statues_corner_a
D:9:      layout_cross, old_standard_altar, fedhas_altar_decomposition,
          basic_altar, chequers_serial_rivers_small_b, uniq_prince_ribbit1,
          uniq_erica
D:10:     layout_roguey, serial_corexii_hall, corexii_hall_statues_x,
          corexii_hall_statues_u, nicolae_gozag_cash_rules_everything_around_me
D:11:     layout_loops_ring, minmay_lair_entry_grove, orc_0_dummy, nrook_uturn
D:12:     layout_basic, basic_altar, hangedman_little_slice_of_home
D:13:     layout_irregular_city, david_vaults_3, uniq_urug
D:14:     layout_loops_ring, roderic_serpentine_path,
          gammafunk_ghost_abyssal_escape, uniq_agnes
D:15:     grunt_enter_depths_magical_seal, layout_long_grid,
          serial_bayou_pond_d, argonaut_gorgonesque
Temple:   cyrus_temple_forest
Lair:1:   layout_regular_city, infiniplex_staircase_pool_2
Lair:2:   dpeg_oklob_gauntlet, layout_regular_city,
          minmay_snake_entry_guardpost_medium, gammafunk_ghost_split,
          serial_bayou_pond_e, serial_bayou_pond_c, lemuel_fruit_fields
Lair:3:   layout_loops_ring, swamp_mist, serial_bayou_shore_b,
          serial_bayou_shore_a
Lair:4:   layout_regular_city
Lair:5:   layout_roguey, grunt_megastairs_5
Lair:6:   evil_forest, layout_loops_ring, slime_altar_1, bobbens_ice_dragon_lair
Swamp:1:  layout_basic_swamp, hangedman_swamp_diagram
Swamp:2:  layout_falls_marsh, hangedman_swamp_pad, swamp_pool5, ldierk_geyser
Swamp:3:  layout_basic_swamp, evilmike_swamp_ruin_house_2, swamp_pool3,
          nzn_swamp_dancing_lights
Swamp:4:  swamp, layout_basic_swamp, gammafunk_ghost_cemetery,
          infiniplex_staircase_pool, uniq_aizul
Snake:1:  layout_chambers, minmay_shoptagon, serial_bayou_shore_b,
          grunt_megastairs_3
Snake:2:  layout_rooms, gammafunk_ghost_abyssal_escape, serial_bayou_shore_b,
          minmay_shop_grove
Snake:3:  layout_misc_corridors, basic_altar, hangedman_snake_wide_pillar_pass
Snake:4:  snake_pit, layout_cave_town, uniq_nikola
Orc:1:    layout_diamond_mine, gammafunk_ghost_split, okawaru_metal_pillars_1_2,
          uniq_erolcha, uniq_fannar
Orc:2:    st_orc_town, layout_caves
Elf:1:    elf_arrival_001, layout_geoelf_grid, serial_shops, shop,
          minmay_elf_demonology, kb_rosetta, uniq_jorgrun
Abyss:3:  base: Vaults:4, evilmike_abyss_exit_kraken,
          grunt_abyss_rune_wretched_hive, evilmike_abyss_exit_14,
          lemuel_flamethrower_3, patterned_corridor,
          grunt_abyss_exit_deep_breaths, nicolae_abyss_rune_star_stuff,
          evilmike_abyss_rune_tso_outpost

Skill      XL: |  1  2  3  4  5  6  7  8  9 10 11 12 13 14 15 16 17 18 |
---------------+-------------------------------------------------------+-----
Axes           | 4 5 8 9 11 13 14 16 | 16.0
Fighting       | 6 9 10 12 14 15 16 18 19 20 | 20.5
Evocations     | 4 6 7 9 10 12 13 14 15 16 | 16.3
Dodging        | 5 8 9 11 12 14 15 16 18 19 | 19.0
Throwing       | 6 |  6.0
Armour         | |  2.4

Action                   |  1- 3 |  4- 6 |  7- 9 | 10-12 | 13-15 | 16-18 || total
-------------------------+-------+-------+-------+-------+-------+-------++-------
Melee: Hand axe          |    88 |   117 |   236 |   249 |       |       ||   690
       Headbutt          |    12 |    13 |    40 |   153 |   246 |   323 ||   787
       War axe           |       |       |       |   473 |  1153 |   978 ||  2604
       Executioner's axe |       |       |       |       |    17 |       ||    17
       Battleaxe         |       |       |       |       |       |   439 ||   439
Invok: Berserk           |       |     3 |    12 |    22 |    31 |    23 ||    91
       Brothers in Arms  |       |       |     2 |     3 |    14 |     1 ||    20
       Trog's Hand       |       |       |       |       |     1 |       ||     1
Evoke: Wand              |       |       |     4 |     7 |    49 |    16 ||    76
  Use: Scroll            |       |       |    14 |    12 |    24 |    20 ||    70
       Potion            |       |       |       |       |    19 |    10 ||    29
 Stab: Distracted        |       |       |       |       |     1 |     1 ||     2
       Paralysed         |       |       |       |       |     6 |       ||     6
       Confused          |       |       |       |       |       |     2 ||     2
Armor: Plate armour      |     6 |    71 |   103 |   290 |   516 |   710 ||  1696
Dodge: Dodged            |    47 |    51 |    54 |   218 |   485 |   667 ||  1522
Block: Other             |       |       |    20 |   116 |   209 |   183 ||   528
       Reflection        |       |       |     2 |     8 |    12 |    93 ||   115
       Tower shield      |       |       |       |       |       |   491 ||   491
